 Dungeon Crawl Stone Soup version 0.25.0-46-gbd7b0854d2 (webtiles) character file.

Game seed: 3819642328168315853

4 Descartes the Vexing (level 1, 0/7 HPs)
             Began as a Felid Enchanter on July 17, 2020.
             Killed from afar by a dart slug (5 damage)
             ... with a slug dart
             ... on level 1 of the Dungeon.
             The game lasted 00:00:11 (85 turns).

Descartes the Vexing (Felid Enchanter)                Turns: 85, Time: 00:00:11

Health: 0/7        AC:  1    Str:  4    XL:     1   Next: 58%
Magic:  4/4        EV: 18    Int: 16    God:
Gold:   16         SH:  0    Dex: 16    Spells: 3/4 levels left
                                        Lives:  0   Deaths: 0

rFire    . . .     SeeInvis +     - Unarmed
rCold    . . .     Gourm    .   (shield unavailable)
rNeg     . . .     Faith    .   (armour unavailable)
rPois    .         Spirit   .   (helmet unavailable)
rElec    .         Reflect  .   (cloak unavailable)
rCorr    .         Harm     .   (gloves unavailable)
MR       .....                  (boots unavailable)
Stlth    +++.......             (no amulet)
HPRegen  0.02/turn              (no ring)
MPRegen  0.09/turn              (no ring)

@: quick
A: very small, no armour, no weapons or thrown items, stealth, claws 1, fangs 3,
see invisible, carnivore, speed 1, shaggy fur 1, slow metabolism 1, sharp paws
a: no special abilities


You were on level 1 of the Dungeon.
You were not hungry.

You visited 1 branch of the dungeon, and saw 1 of its levels.

You collected 16 gold pieces.

Inventory:

Scrolls
 a - a scroll of identify {unknown}
 c - a scroll of remove curse {unknown}
 d - 3 scrolls of fear {unknown}
Comestibles
 b - a ration


   Skills:
 + Level 3.0 Dodging
 + Level 4.3 Stealth
 - Level 1.0 Unarmed Combat
 - Level 2.0 Spellcasting
 - Level 4.4 Hexes


You had 3 spell levels left.
You knew the following spells:

 Your Spells              Type           Power        Failure   Level  Hunger
a - Corona                Hex            ###....      3%          1    #......

Your spell library contained the following spells:

 Spells                   Type           Power        Failure   Level  Hunger
 Confusing Touch          Hex            ###.....     11%         3    ###....
 Tukima's Dance           Hex            ###.....     11%         3    ###....
 Ensorcelled Hibernation  Hex/Ice        #.....       13%         2    ###....
 Dazzling Flash           Conj/Hex       #.....       26%         3    ###....


Dungeon Overview and Level Annotations

Branches:
Dungeon (1/15)

Altars:


Innate Abilities, Weirdness & Mutations

You cannot wear armour.
You are incapable of wielding weapons or throwing items.
Your paws allow you to move quietly. (Stealth)
You have sharp claws.
You have razor-sharp teeth.
You have supernaturally acute eyesight. (SInv)
You are carnivorous and can eat meat at any time.
You cover ground quickly.
You are covered in fur. (AC +1)
You have a slow metabolism.
Your sharp claws are effective at attacking unaware monsters.


Message History

The helpless ooze fails to defend itself.
You claw the ooze!
The ooze is severely wounded.
The ooze completely misses you.
You scratch the ooze but do no damage.
The ooze is severely wounded.
The ooze completely misses you.
You barely miss the ooze. You bite the ooze.
The ooze is severely wounded.
The ooze hits you.
You scratch the ooze.
The ooze is almost dead.
The ooze misses you.
You scratch the ooze.
You kill the ooze!
Your Dodging skill increases to level 3!
The dart slug launches a dart at you. The slug dart hits you.
Ouch! That really hurt!
You die...

.. ..#.# # #.#.. ...#
.# ...... ..# .# ......
#.###.###
#..#..###.#.....#
#............... .
.........w#.#.#....
...........@.......
########.#.#########
###...####'####...###
##........#.##.......##
#.........#.#.........#
#.........'.'.........#
#.........#.#.........#
##.......##.##.......##
###....###+####...###


You could see a dart slug.

Vanquished Creatures
  An ooze (D:1)
1 creature vanquished.

Notes
Turn   | Place    | Note
-------+----------+-------------------------------------------
     0 | D:1      | Descartes the Felid Enchanter began the quest for the Orb.
     0 | D:1      | Reached XP level 1. HP: 7/7 MP: 4/4
    85 | D:1      | Killed from afar by a dart slug

Illustrated notes

Levels and vault maps discovered:
D:1:      dpeg_arrival_three_smaller_balls, layout_basic, minmay_misc_feat_cross

Skill      XL: |  1 |
---------------+----+-----
Dodging        | 3 |  3.0
Stealth        | |  4.3
Unarmed Combat | |  1.0
Spellcasting   | |  2.0
Hexes          | |  4.4

Action                   || total
-------------------------++-------
Melee: Unarmed           ||     5
       Bite              ||     1
 Stab: Sleeping          ||     1
Dodge: Dodged            ||     3
